Map: Données C

Players

ShaDoWn - Winner!

  • Race: Protoss Protoss
  • Spawn Location: 3:00

PappiJoe

  • Race: Protoss Protoss
  • Spawn Location: 9:00

Event: DreamHack SC2 Masters 2022 Atlanta (Offline)

VOD

Have the link to the VOD?

Description

Time

  • Played on: Nov. 18, 2022, 5:08 p.m.
  • Length: 9:13

All games in this series

Show
View Real Time Build Order
Export as new Build Order

ShaDoWn Protoss - Winner!

Build Orders: Phoenix Opening, Chargelot Immortal 

Get SALT Encoding   

  12  0:00  Probe  
  13  0:12  Probe  
  14  0:17  Pylon  
  14  0:24  Probe  
  15  0:34  Gateway  
  15  0:36  Probe (Chrono Boost)  
  16  0:46  Probe (Chrono Boost), Assimilator  
  17  0:51  Probe (Chrono Boost)  
  18  1:03  Probe (Chrono Boost)  
  19  1:04  Assimilator  
  19  1:12  Gateway  
  19  1:13  Probe (Chrono Boost)  
  19  1:17  Probe (Chrono Boost)  
  20  1:24  Cybernetics Core  
  21  1:29  Probe  
  22  1:34  Pylon  
  22  1:41  Probe  
  23  1:53  Probe  
  24  2:00  Stalker x2  
  28  2:01  Warp Gate  
  28  2:15  Probe  
  28  2:17  Pylon  
  29  2:27  Probe  
  30  2:35  Stalker x2  
  34  2:40  Probe  
  35  2:54  Probe  
  36  3:05  Sentry  
  38  3:09  Nexus  
  37  3:13  Shield Battery  
  37  3:16  Probe  
  38  3:23  Pylon  
  38  3:30  Probe  
  39  3:42  Phoenix, Probe (Chrono Boost)  
  39  3:45  Twilight Council  
  40  3:50  Sentry x2  
  40  3:54  Probe (Chrono Boost), Pylon  
  45  3:59  Probe (Chrono Boost)  
  46  4:08  Probe (Chrono Boost)  
  47  4:17  Blink (Chrono Boost)  
  47  4:20  Probe (Chrono Boost)  
  47  4:23  Probe (Chrono Boost)  
  49  4:28  Probe (Chrono Boost)  
  49  4:30  Probe (Chrono Boost)  
  51  4:35  Probe x2 (Chrono Boost)  
  53  4:43  Adept x2  
  57  4:47  Probe x2  
  57  4:51  Gateway  
  59  4:59  Probe x2, Assimilator  
  61  5:04  Nexus  
  61  5:07  Stalker  
  61  5:12  Stalker  
  65  5:20  Probe  
  66  5:24  Probe  
  66  5:25  Robotics Facility  
  67  5:30  Pylon  
  67  5:33  Probe, Stalker  
  70  5:37  Pylon  
  70  5:44  Gateway  
  70  5:50  Stalker x2  
  70  5:51  Probe  
  70  5:55  Probe  
  74  5:57  Stalker  
  74  6:01  Shield Battery  
  74  6:03  Probe  
  78  6:13  Stalker  
  78  6:14  Stalker  
  78  6:16  Immortal (Chrono Boost)  
  86  6:22  Sentry  
  86  6:23  Shield Battery  
  87  6:29  Gateway  
  87  6:33  Probe  
  88  6:41  Stalker  
  88  6:43  Stalker  
  88  6:45  Immortal (Chrono Boost)  
  96  6:50  Stalker x2  
  96  6:51  Pylon  
  100  7:09  Pylon  
  100  7:16  Charge (Chrono Boost), Immortal (Chrono Boost)  
  100  7:17  Stalker x2  
  108  7:23  Forge  
  108  7:25  Gateway  
  108  7:26  Pylon  
  108  7:27  Zealot x2  
  112  7:33  Zealot  
  114  7:42  Zealot  
  116  7:46  Warp Prism (Chrono Boost), Pylon  
  116  7:47  Pylon  
  116  7:55  Zealot x4  
  118  8:08  Zealot  
  118  8:12  Gateway  
  120  8:14  Gateway  
  120  8:16  Zealot x4  
  122  8:21  Observer (Chrono Boost)  
  122  8:25  Observer  
  123  8:31  Zealot x2  
  127  8:39  Zealot x3  
  127  8:40  Zealot, Immortal (Chrono Boost)  
  139  8:51  Zealot x2  
  139  8:55  Probe  
  118  9:03  Zealot x4  
Show
View Real Time Build Order
Export as new Build Order

PappiJoe Protoss 

Build Orders: Phoenix Opening 

Get SALT Encoding   

  12  0:00  Probe  
  13  0:12  Probe  
  14  0:17  Pylon  
  14  0:24  Probe (Chrono Boost)  
  15  0:36  Probe (Chrono Boost)  
  15  0:37  Gateway  
  16  0:45  Probe (Chrono Boost)  
  16  0:46  Assimilator  
  17  0:51  Probe  
  18  1:03  Probe (Chrono Boost)  
  19  1:04  Assimilator  
  19  1:10  Gateway  
  19  1:14  Probe (Chrono Boost)  
  20  1:19  Probe (Chrono Boost)  
  21  1:27  Cybernetics Core  
  21  1:31  Probe  
  22  1:43  Probe  
  23  1:47  Pylon  
  23  2:05  Stalker x2  
  23  2:06  Warp Gate  
  23  2:08  Probe  
  28  2:14  Pylon  
  28  2:23  Probe  
  29  2:35  Sentry  
  29  2:36  Sentry  
  33  2:40  Pylon  
  33  2:46  Probe  
  33  2:59  Nexus  
  33  3:02  Shield Battery  
  33  3:03  Probe  
  34  3:09  Phoenix  
  34  3:13  Sentry  
  34  3:16  Probe  
  37  3:21  Robotics Facility  
  37  3:28  Probe  
  38  3:40  Probe  
  39  3:52  Probe  
  40  3:58  Pylon  
  40  4:04  Pylon  
  40  4:06  Twilight Council  
  40  4:12  Immortal (Chrono Boost), Probe (Chrono Boost)  
  40  4:14  Phoenix  
  40  4:15  Probe (Chrono Boost)  
  46  4:21  Probe (Chrono Boost)  
  48  4:24  Probe (Chrono Boost)  
  48  4:26  Probe (Chrono Boost)  
  49  4:32  Stalker  
  49  4:34  Probe  
  49  4:35  Stalker  
  49  4:38  Probe  
  55  4:40  Blink (Chrono Boost)  
  55  4:44  Observer  
  56  4:46  Probe  
  56  4:48  Assimilator  
  56  4:51  Probe  
  58  4:56  Phoenix  
  58  4:59  Probe  
  59  5:02  Gateway  
  59  5:03  Probe  
  60  5:11  Probe  
  60  5:12  Immortal  
  65  5:15  Probe  
  65  5:18  Gateway  
  66  5:23  Probe  
  67  5:29  Gateway  
  67  5:31  Pylon x2  
  67  5:37  Assimilator  
  67  5:45  Gateway  
  66  5:50  Gateway  
  66  5:55  Warp Prism (Chrono Boost)  
  65  6:00  Stalker x2  
  65  6:03  Probe  
  72  6:13  Pylon  
  72  6:16  Stalker  
  74  6:23  Stalker  
  74  6:24  Stalker  
  78  6:28  Pylon  
  78  6:31  Stalker  
  80  6:35  Stalker  
  82  6:40  Pylon  
  82  6:43  Pylon  
  82  6:55  Stalker x4  
  90  7:01  Stalker  
  90  7:02  Stalker  
  88  7:18  Stalker x4  
  96  7:31  Stalker x2  
  96  7:32  Stalker  
  98  7:38  Stalker  
  98  7:43  Stalker x3  
  102  8:01  Stalker x4  
  108  8:09  Stalker x2  
  110  8:18  Stalker  
  112  8:25  Nexus  
  112  8:34  Stalker x2  
  114  8:38  Stalker  
  118  8:44  Pylon  
  115  9:02  Stalker x4  
Tags
 
Add a new tag
Caveats
  • Supply blocks, unpowered buildings, or Contaminate may cause inaccurate times.
  • Supply counts are checked every 10 seconds.